Map: 虚空撕裂

Players

zhx

  • Race: Protoss Protoss

迷你泰坦

  • Race: Zerg Zerg

VOD

Have the link to the VOD?

Description

Time

  • Played on: March 12, 2026, 8:05 a.m.
  • Length: 17:45
Show
View Real Time Build Order
Export as new Build Order

zhx Protoss 

Build Orders:  

Get SALT Encoding   

  12  0:03  Probe (Chrono Boost)  
  13  0:15  Probe (Chrono Boost)  
  14  0:27  Probe (Chrono Boost)  
  14  0:39  Pylon  
  15  0:43  Assimilator  
  15  1:08  Probe (Chrono Boost)  
  16  1:20  Probe (Chrono Boost)  
  16  1:26  Gateway  
  17  1:32  Probe (Chrono Boost)  
  17  1:34  Forge  
  18  1:44  Probe (Chrono Boost)  
  19  1:56  Probe (Chrono Boost)  
  20  2:05  Assimilator  
  20  2:09  Probe (Chrono Boost)  
  20  2:14  Solar Efficiency Level 1  
  21  2:21  Probe (Chrono Boost)  
  22  2:33  Probe (Chrono Boost)  
  23  2:41  Cybernetics Core  
  23  2:51  Protoss Shields Level 1  
  23  2:53  Pylon  
  23  3:03  Pylon  
  23  3:13  Sentinel  
  23  3:17  Probe (Chrono Boost)  
  26  3:32  Probe (Chrono Boost)  
  27  3:46  Sentinel  
  27  3:47  Probe (Chrono Boost)  
  27  3:49  Solar Efficiency Level 2  
  28  3:55  Warp Gate  
  30  4:01  Probe (Chrono Boost)  
  31  4:15  Twilight Council  
  31  4:16  Probe (Chrono Boost)  
  31  4:19  Energizer  
  34  4:53  Robotics Facility  
  34  5:35  Sentinel  
  36  5:41  Sentinel  
  38  5:50  Assimilator  
  38  6:26  Nexus  
  38  6:33  Protoss Shields Level 2  
  38  6:41  Probe (Chrono Boost)  
  39  6:53  Pylon  
  39  6:58  Protoss Air Weapons Level 1  
  39  6:59  Pylon  
  39  7:03  Pylon  
  39  7:06  Pylon  
  39  7:08  Pylon  
  39  7:09  Pylon  
  39  7:11  Pylon  
  39  7:15  Pylon  
  39  7:18  Pylon, Probe (Chrono Boost)  
  40  7:33  Probe (Chrono Boost)  
  41  7:48  Probe (Chrono Boost)  
  42  8:02  Probe (Chrono Boost)  
  42  8:09  Stargate  
  43  8:13  Stargate  
  43  8:15  Observer  
  44  8:30  Protoss Air Armor Level 1  
  44  8:39  Probe (Chrono Boost)  
  44  8:47  Assimilator  
  45  8:53  Probe (Chrono Boost)  
  46  9:04  Probe (Chrono Boost)  
  46  9:08  Probe (Chrono Boost)  
  48  9:10  Sentinel  
  48  9:16  Probe (Chrono Boost)  
  48  9:17  Probe (Chrono Boost)  
  48  9:19  Probe (Chrono Boost)  
  51  9:20  Probe (Chrono Boost)  
  51  9:22  Probe (Chrono Boost)  
  51  9:23  Probe (Chrono Boost)  
  51  9:25  Probe (Chrono Boost)  
  51  10:08  Protoss Shields Level 3  
  47  10:32  Protoss Air Weapons Level 2  
  47  10:47  Fleet Beacon  
  47  10:51  Probe (Chrono Boost)  
  48  11:06  Probe (Chrono Boost)  
  47  11:21  Probe (Chrono Boost)  
  48  11:36  Probe (Chrono Boost)  
  48  11:39  Carrier  
  49  11:40  Carrier  
  49  11:50  Probe (Chrono Boost)  
  49  11:55  Sentinel  
  52  12:05  Probe (Chrono Boost)  
  52  12:09  Observer  
  65  12:29  Protoss Air Armor Level 2  
  63  13:02  Sentinel  
  63  13:06  Carrier  
  63  13:09  Probe (Chrono Boost)  
  66  13:16  Carrier  
  66  13:33  Unknown  
  66  13:41  Sentinel  
  77  14:13  Sentinel  
  77  15:01  Carrier  
  87  16:18  Sentinel  
Show
View Real Time Build Order
Export as new Build Order

迷你泰坦 Zerg 

Build Orders:  

Get SALT Encoding   

  6  0:08  Drone x2  
  6  0:16  Drone x2  
  8  0:37  Drone x2  
  9  0:58  Drone x2, Spawning Pool  
  9  1:10  Extractor  
  9  1:11  Drone x2  
  9  1:14  Extractor  
  9  1:24  Drone x2  
  10  1:32  Zergling x3  
  10  1:37  Zergling x3  
  13  1:40  Overlord  
  13  2:20  Drone x2  
  13  2:21  Centrifugal Hooks  
  13  2:22  Drone x2  
  13  2:25  Drone x2  
  16  2:33  Drone x2  
  17  2:47  Baneling Nest  
  17  2:52  Drone x2  
  17  2:56  Drone x2  
  19  3:16  Drone x2  
  19  3:18  Overlord  
  19  3:19  Hatchery  
  19  3:20  Baneling x2  
  19  3:23  Baneling x6  
  19  3:36  Zergling x3  
  21  3:41  Baneling x8  
  22  4:02  Baneling x6  
  22  4:03  Baneling x2  
  25  4:20  Extractor  
  25  4:24  Baneling x8  
  25  4:25  Extractor  
  25  4:28  Lair  
  24  4:40  Drone x6  
  24  4:44  Hive  
  31  4:58  Drone x2  
  31  4:59  Drone x4  
  31  5:00  Drone x4  
  31  5:02  Overlord x2  
  31  5:03  Overlord  
  31  5:07  Baneling x8  
  36  5:11  Baneling x8  
  36  5:15  Baneling x4  
  36  5:16  Baneling x4  
  36  5:20  Baneling x8  
  36  5:24  Baneling x8  
  40  5:37  Baneling x8  
  48  5:46  Scourge Nest  
  55  5:58  Baneling x4  
  55  5:59  Baneling x4  
  35  6:08  Drone x4  
  35  6:09  Drone x4  
  35  6:11  Overlord x2  
  37  6:20  Baneling x8  
  35  6:32  Overlord x2  
  35  6:34  Drone x4  
  32  6:41  Baneling x8  
  32  6:49  Simplified Genome  
  36  6:52  Hatchery  
  34  7:00  Scourge x2  
  34  7:01  Scourge x2  
  34  7:02  Baneling x6  
  34  7:03  Baneling x2, Zerg Flyer Weapons Level 1  
  34  7:24  Baneling x8  
  34  7:27  Scourge x4  
  36  7:41  Virulent Spores  
  36  7:45  Baneling x8  
  36  7:49  Unknown  
  40  7:53  Scourge x4  
  40  8:01  Shredding Claws  
  40  8:06  Baneling x8  
  46  8:17  Hatchery  
  46  8:19  Scourge x4  
  45  8:28  Baneling x8  
  51  8:41  Adrenal Overload  
  51  8:44  Overlord x3  
  51  8:45  Scourge x4  
  51  8:48  Overlord  
  51  8:49  Overlord x2, Baneling x8  
  54  8:51  Overlord  
  54  8:59  Hardened Carapace  
  56  9:06  Scourge x4  
  60  9:10  Baneling x8  
  60  9:14  Baneling x4  
  60  9:15  Baneling x4  
  60  9:19  Baneling x8  
  62  9:20  Scourge x4  
  62  9:23  Baneling x8  
  62  9:24  Scourge x4  
  62  9:27  Baneling x6  
  62  9:28  Baneling x2  
  62  9:29  Scourge x4  
  53  9:33  Scourge x4  
  53  9:37  Scourge x4  
  53  9:38  Baneling x8  
  58  9:51  Metabolic Boost  
  58  9:55  Scourge x4  
  58  9:59  Baneling x2  
  61  10:00  Baneling x6  
  64  10:13  Zergling x15  
  64  10:14  Zergling x57  
  64  10:17  Scourge x4  
  101  10:21  Baneling x8  
  106  10:30  Evolution Chamber  
  106  10:33  Evolution Chamber  
  106  10:38  Scourge x4  
  104  10:42  Baneling x8  
  106  10:59  Scourge x4  
  108  11:01  Scourge x6  
  108  11:02  Scourge x54  
  108  11:03  Baneling x4  
  108  11:04  Baneling x4  
  123  11:13  Drone x2  
  107  11:20  Scourge  
  107  11:21  Scourge x3  
  107  11:25  Baneling x8  
  106  11:42  Scourge x4  
  106  11:44  Hatchery  
  106  11:46  Baneling x8  
  92  12:03  Scourge x4  
  92  12:07  Baneling x6  
  92  12:08  Baneling x2  
  89  12:24  Scourge x2  
  89  12:25  Scourge x2  
  89  12:29  Baneling x8  
  76  12:46  Scourge x4  
  69  12:50  Baneling x8  
  69  12:54  Zergling x21  
  69  12:55  Zergling x51  
  106  13:06  Zerg Flyer Weapons Level 2  
  106  13:07  Scourge x4  
  105  13:11  Baneling x8  
  105  13:18  Baneling x8  
  88  13:22  Baneling x8  
  88  13:23  Scourge x3  
  88  13:24  Scourge  
  88  13:26  Baneling x4  
  88  13:27  Baneling x4  
  88  13:28  Scourge x4  
  38  13:30  Zergling x6  
  38  13:31  Baneling x8, Zergling x6  
  38  13:32  Zergling x9, Scourge x4  
  38  13:33  Zergling x3, Scourge x3  
  38  13:34  Scourge x24  
  38  13:36  Zerg Ground Armor Level 1, Scourge x4  
  38  13:39  Baneling x8  
  64  13:41  Scourge x4  
  77  13:56  Scourge x2  
  77  13:57  Scourge x2  
  87  14:00  Baneling x6  
  87  14:01  Baneling x2  
  89  14:10  Zergling x3  
  89  14:11  Zergling x36  
  89  14:12  Zergling x48  
  89  14:13  Scourge x3  
  89  14:18  Scourge x4  
  93  14:22  Baneling x8  
  93  14:27  Zergling x12  
  93  14:28  Zergling x3  
  84  14:39  Scourge x4  
  74  14:43  Baneling x8  
  52  15:00  Scourge x3  
  52  15:01  Scourge  
  52  15:04  Baneling x8  
  52  15:08  Zergling x3  
  52  15:09  Zergling x27  
  49  15:10  Zergling x18, Scourge x3  
  49  15:11  Scourge x24  
  85  15:22  Scourge x4  
  85  15:26  Baneling x8  
  73  15:43  Scourge x4  
  73  15:47  Baneling x8, Scourge x3  
  73  15:48  Scourge x54  
  73  15:49  Scourge x3  
  102  16:04  Scourge x4  
  102  16:07  Zergling x3  
  102  16:08  Zergling x27, Baneling x8  
  120  16:15  Unknown  
  120  16:16  Scourge x3  
  120  16:17  Scourge x12  
  130  16:26  Scourge x4  
  103  16:30  Baneling x8  
  87  16:47  Scourge x4  
  86  16:50  Scourge x3  
  86  16:51  Baneling x8, Scourge x27  
  86  16:52  Scourge x30  
  122  17:08  Scourge x4  
  122  17:12  Baneling x8  
  94  17:25  Scourge x3  
  94  17:26  Scourge x48  
  94  17:27  Scourge x9  
  106  17:30  Scourge x4  
Tags
 
Commander
KaraxZagara
Matchup
Co-op
Add a new tag
Caveats
  • Supply blocks, unpowered buildings, or Contaminate may cause inaccurate times.
  • Supply counts are checked every 10 seconds.